 Dungeon Crawl Stone Soup version 0.16.2-12-gd0ad4c3 (webtiles) character file.

715107 Peloso the Swordmaster (level 27, -7/275 (281) HPs)
             Began as a Minotaur Fighter on Sept 26, 2015.
             Was a High Priest of Okawaru.
             Mangled by a reaper
             ... wielding a +0 scythe of protection
             ... summoned by a greater mummy's death curse
              (16 damage)
             ... on level 1 of the Tomb of the Ancients on Sept 27, 2015.
             The game lasted 08:08:59 (92255 turns).

Peloso the Swordmaster (Minotaur Fighter)          Turns: 92255, Time: 08:08:59

HP:   -7/275 (281)  AC: 54    Str: 32 (35) XL:     27
MP:   23/23         EV: 14    Int: 12 (15) God:    Okawaru [*****.]
Gold: 8969          SH: 30    Dex: 13 (22) Spells: 0 memorised, 27 levels left

rFire  . . .     SeeInvis +     F - +8 autumn katana {slice, Clar} (curse)
rCold  + . .     Clarity  +     I - +9 crystal plate armour of Okawaru's Envy {rC- MP-9 Int+8 Dex+3 Stlth+} (curse)
rNeg   . . .     SustAb   .     L - +2 large shield {AC+3} (curse)
rPois  +         Gourm    .     Q - +1 hat of Darkness {-Cast -Tele Regen+ Str+5 Dex+4} (curse)
rElec  .         Spirit   .     W - +2 cloak {rPois} (curse)
rCorr  .         Warding  .     a - +2 pair of gloves (curse)
rMut   +         NoTele   +     k - +0 pair of boots "Pli Cayge" {MR+} (curse)
MR     ++...     NoCast   +     y - amulet of Gryoj {rMut +Fly rC+ Dex+3} (curse)
Stlth  ..........               s - ring of protection from magic (curse)
                                g - ring "Frifiots" {+Blink rC+ Int+2 Dex-2 SInv} (curse)

@: vulnerable, hasted and slowed, very resistant to hostile enchantments,
extremely unstealthy
A: retaliatory headbutt, horns 2, rugged brown scales 1, clarity, deterioration
1, low mp 1, shaggy fur 1, wild magic 2
a: Heroism, Finesse, Renounce Religion, Evoke Blink, Evoke Flight
}: 4/15 runes: decaying, serpentine, slimy, silver


You were on level 1 of the Tomb of the Ancients.
You worshipped Okawaru.
Okawaru was extremely pleased with you.
You were not hungry.

You visited 13 branches of the dungeon, and saw 63 of its levels.
You also visited: Ice Cave and Wizlab.

You collected 10015 gold pieces.
You spent 1046 gold pieces at shops.

Inventory:

Hand weapons
 c - a cursed +8 double sword of slicing
 o - the cursed +8 great sword of Noon {slice, rF+ rC- rN++ Str+4}
   (You found it on level 3 of the Elven Halls)

   It inflicts extra damage upon your enemies.
   It affects your strength (+4).
   It protects you from fire.
   It makes you vulnerable to cold.
   It greatly protects you from negative energy.
   It has a curse placed upon it.
 F - the cursed +8 autumn katana (weapon) {slice, Clar}
   (You found it on level 3 of the Elven Halls)

   It inflicts extra damage upon your enemies.
   It protects you against confusion.
   It has a curse placed upon it.
 N - a cursed +5 double sword of protection
Armour
 a - a cursed +2 pair of gloves (worn)
 k - the cursed +0 pair of boots "Pli Cayge" (worn) {MR+}
   (You acquired it on level 3 of the Snake Pit)

   It affects your resistance to hostile enchantments.
   It has a curse placed upon it.
 u - the cursed +2 pair of gloves of Courage {+Fly rElec rF- Str+3 Stlth-}
   (Okawaru gifted it to you on level 3 of the Orcish Mines)

   It affects your strength (+3).
   It makes you vulnerable to fire.
   It insulates you from electricity.
   It lets you fly.
   It makes you less stealthy.
   It has a curse placed upon it.
 w - the cursed +8 plate armour of Distant Shores {Slay+6 Stlth+}
   (Okawaru gifted it to you on level 3 of the Crypt)

   It affects your accuracy and damage with ranged weapons and melee attacks
   (+6).
   It makes you more stealthy.
   It has a curse placed upon it.
 E - the cursed +1 pair of gloves of the End {rPois}
   (You found it on level 1 of the Tomb of the Ancients)

   It protects you from poison.
   It has a curse placed upon it.
 I - the cursed +9 crystal plate armour of Okawaru's Envy (worn) {rC- MP-9 Int+8 Dex+3 Stlth+}
   (Okawaru gifted it to you on level 4 of the Lair of Beasts)

   It affects your intelligence (+8).
   It affects your dexterity (+3).
   It makes you vulnerable to cold.
   It affects your magic capacity (-9).
   It makes you more stealthy.
   It has a curse placed upon it.
 L - a cursed +2 large shield of protection (worn)
 Q - the cursed +1 hat of Darkness (worn) {-Cast -Tele Regen+ Str+5 Dex+4}
   (You found it on level 8 of the Lair of Beasts)

   It affects your strength (+5).
   It affects your dexterity (+4).
   It prevents spellcasting.
   It prevents most forms of teleportation.
   It increases your rate of regeneration.
   It has a curse placed upon it.
 U - a cursed +2 shield of fire resistance
 W - a cursed +2 cloak of poison resistance (worn)
Jewellery
 e - a cursed ring of protection from cold
 g - the cursed ring "Frifiots" (left hand) {+Blink rC+ Int+2 Dex-2 SInv}
   (You bought it in a shop on level 4 of the Orcish Mines)

   [ring of see invisible]

   It affects your intelligence (+2).
   It affects your dexterity (-2).
   It protects you from cold.
   It enhances your eyesight.
   It lets you blink.
   It has a curse placed upon it.
 s - a cursed ring of protection from magic (right hand)
 y - the cursed amulet of Gryoj (around neck) {rMut +Fly rC+ Dex+3}
   (You found it on level 2 of the Crypt)

   [amulet of resist mutation]

   It protects you from mutation.
   It affects your dexterity (+3).
   It protects you from cold.
   It lets you fly.
   It has a curse placed upon it.
 z - a cursed amulet of resist corrosion
 C - a cursed +5 ring of protection
 H - a cursed ring of positive energy
 P - the cursed amulet of the Scavenger {Spirit rN+}
   (You found it on level 5 of the Lair of Beasts)

   [amulet of guardian spirit]

   It causes incoming damage to be split between your health and magic.
   It protects you from negative energy.
   It has a curse placed upon it.
 S - a cursed ring of protection from fire
Magical devices
 i - a wand of paralysis (8)
 Z - a wand of digging (2)
Scrolls
 f - 13 scrolls of fear
 h - 14 scrolls of remove curse
 v - a scroll of brand weapon
 A - 23 scrolls of teleportation
 B - 18 scrolls of identify
 D - a scroll of amnesia
 G - 2 scrolls of blinking
 J - 6 scrolls of magic mapping
 K - 8 scrolls of recharging
 O - 2 scrolls of silence
 V - 2 scrolls of summoning
 Y - 5 scrolls of fog
Potions
 b - 4 potions of cure mutation
 j - 7 potions of agility
 l - 2 potions of haste
 m - 2 potions of invisibility
 n - 11 potions of might
 t - 8 potions of flight
 x - 8 potions of restore abilities
 M - a potion of brilliance
 R - a potion of magic
 T - 4 potions of resistance
Comestibles
 d - 39 bread rations
 p - 19 fruits
 q - 37 meat rations


   Skills:
 O Level 27 Fighting
 O Level 27 Long Blades
   Level 9.8 Maces & Flails
 + Level 1.1 Throwing
 + Level 23.7 Armour
 + Level 14.1 Dodging
 + Level 4.2 Stealth
 O Level 27 Shields
 + Level 1.2 Unarmed Combat
 + Level 0.6 Spellcasting
 + Level 15.0 Invocations
 + Level 4.1 Evocations


You had 27 spell levels left.
You didn't know any spells.

Dungeon Overview and Level Annotations

Branches:
Dungeon (15/15)            Temple (1/1) D:4            Lair (8/8) D:11
  Swamp (5/5) Lair:4        Snake (5/5) Lair:3        Slime (6/6) Lair:8
    Orc (4/4) D:11            Elf (3/3) Orc:4        Vaults (5/5) D:14
  Crypt (3/3) Vaults:3       Tomb (2/3) Crypt:3      Depths (5/5) D:15
   Hell (1/1)                 Dis (0/7) Hell            Coc (0/7) Hell
    Tar (0/7) Hell            Zot (0/5) Depths:5
    Geh: Hell:1

Altars:
Ashenzari
Cheibriados
Dithmenos
Elyvilon
Fedhas
Gozag
Kikubaaqudgha
Makhleb
Nemelex Xobeh
Okawaru
Qazlal
Ru
Sif Muna
Trog
Vehumet
Xom
Yredelemnul
Zin
The Shining One
Beogh
Jiyva
Lugonu

Shops:
Orc:4 [[=(   Snake:3 *%   Snake:4 *   Vaults:1 %   Vaults:2 =

Portals:
Hell: Depths:1 Depths:2 Depths:3 Depths:4 Depths:5
Abyss: Depths:4
Pandemonium: Depths:2 Depths:3
Ziggurat: Depths:4
Trove: Elf:1 (give 20 potions of curing)

Annotations:
Elf:2 1 runed door


Innate Abilities, Weirdness & Mutations

You reflexively headbutt those who attack you in melee.
You have a pair of horns on your head.
You are partially covered in rugged brown scales (AC +1, +3% HP).
You possess an exceptional clarity of mind.
Your body is slowly deteriorating.
Your magical capacity is low (-10% MP).
You are covered in fur (AC +1).
Your spells are harder to cast, but more powerful.


Message History

You slice the greater mummy like a ripe choko!!!
You headbutt the greater mummy.
The greater mummy is moderately damaged.
The greater mummy points at you and mumbles some strange words.
Something smites you!
* * * LOW HITPOINT WARNING * * *
You block the mana viper's attack. You block the reaper's attack.
You slash the greater mummy! Your headbutt misses the greater mummy.
The greater mummy is moderately damaged.
You block the mana viper's attack.
The greater mummy casts a spell.
A mummy comes into view.
Unknown command.
Drink which item? (? for menu, Esc to quit)
You feel yourself speed up.
You feel like a meek peon again. The mana viper closely misses you.
You furiously retaliate!
You headbutt the mana viper, but do no damage.
The reaper hits you from afar with a scythe of protection!
You die...

......#.....#...[# #.........#
....############## #.........#
'''## #.........# ....#
#.........# ..8.#
###########.........# ....#
.M.......##.........# ....#
...M...§§.##.........#
..8.##############M.##.........#
....##........2.@MSW##.........#
....##.........Z.S.W##.........#
..8.##..##############.........#
....##...........†..##.........#
....##..†..........>##.........#
..8.##################.........#
....##################)........#
.....................).........#
..8............................#


You could see a greater mummy, a reaper, a flayed ghost, 2 mana vipers, a
freezing wraith, a mummy and a fire giant skeleton.

Vanquished Creatures
  the royal jelly (Slime:6)
  5 ancient liches
  11 greater mummies (Tomb:1)
  Norris (Swamp:5)
  A caustic shrike (Depths:2)
  Saint Roka (Snake:4)
  Mennas (Vaults:5)
  Geryon (Hell)
  6 golden dragons
  Xtahua (Depths:3)
  2 bone dragons
  2 Brimstone Fiends
  2 Hell Sentinels
  7 tentacled monstrosities
  9 liches
  A Cloud Mage (WizLab)
  3 deep elf blademasters
  4 deep elf master archers (Elf:3)
  5 quicksilver dragons
  28 acid blobs
  5 titans
  A thorn hunter (Swamp:4)
  Rupert (Lair:4)
  Agnes (Elf:2)
  4 Executioners
  6 shadow dragons
  4 ancient champions
  14 sphinxes
  7 revenants
  5 tengu reavers
  Roxanne (Snake:1)
  4 storm dragons
  6 azure jellies
  15 frost giants
  18 fire giants
  Wiglaf (Snake:4)
  Maud (Snake:1)
  An orc warlord (Orc:4)
  13 deep elf sorcerers
  A balrug (Depths:2)
  20 vault wardens
  5 curse skulls
  3 emperor scorpions
  3 war gargoyles
  9 greater nagas (Snake:5)
  A caustic shrike zombie (Depths:3)
  14 ironheart preservers
  Jorgrun (Swamp:5)
  A ghoul (Crypt:3)
  7 very ugly things
  2 draconian shifters (Depths:5)
  16 reapers
  2 salamander firebrands
  25 stone giants
  6 vampire knights
  A grey draconian (Depths:5)
  16 deep elf demonologists
  3 purple draconians (Depths:5)
  Azrael (Snake:1)
  8 deep elf annihilators
  4 unborn
  2 white draconians
  3 dire elephants
  2 bennus (Tomb:1)
  4 minotaurs
  A green death (Hell)
  A spectral quicksilver dragon (Crypt:3)
  11 ettins
  16 jiangshi
  9 deep elf death magi
  14 eidola
  2 blizzard demons (Depths:3)
  5 death oozes
  4 mummy priests
  19 yaktaur captains
  10 deep elf high priests
  Josephine (Snake:1)
  29 vault guards
  15 fire dragons
  Fannar (Lair:5)
  12 hydras
  10 ice dragons
  16 naga warriors
  3 catoblepae
  3 ghost crabs (Swamp:5)
  5 rakshasas
  6 spriggan air magi
  A monstrous demonspawn (Depths:3)
  7 anacondas
  Erica (Lair:4)
  13 great orbs of eyes
  11 alligators
  28 death yaks
  12 centaur warriors
  17 ogre magi
  4 deep troll shamans
  17 dancing weapons (Elf:2)
  2 tengu warriors
  6 deep troll earth magi
  2 death knights
  A hell beast (Vaults:5)
  2 titan zombies
  7 vampire magi
  8 orc high priests (Orc:4)
  25 naga sharpshooters
  7 spriggan berserkers
  10 hell hogs
  15 soul eaters
  A storm dragon zombie (Crypt:2)
  2 iron golems (Hell)
  A large abomination (Elf:2)
  5 giant orange brains
  22 deep trolls
  A fire crab (Vaults:3)
  6 ice devils
  2 iron trolls (Depths:5)
  5 shock serpents
  The ghost of Musteatbrain the Skirmisher, an experienced DsFi of Yredelemnul (D:8)
  3 sun demons
  2 shadow wraiths
  2 fire crabs (shapeshifter) (Vaults:3)
  32 deep elf knights
  32 skeletal warriors
  3 anaconda zombies
  A giant orange brain (shapeshifter) (Vaults:5)
  6 salamander mystics
  9 hell knights
  A golden dragon zombie (Crypt:3)
  11 flayed ghosts
  4 unseen horrors
  6 sea snakes (Snake:3)
  A spectral anaconda (Crypt:3)
  7 naga ritualists
  A shambling mangrove (Swamp:5)
  4 swamp dragons
  2 ice statues
  36 death scarabs
  14 hill giants
  17 orc knights
  22 necromancers
  17 deep elf summoners
  4 spectral hydras (Swamp:5)
  2 golden dragon skeletons
  4 shining eyes
  2 anaconda skeletons
  19 ironbrand convokers
  A lindwurm (Lair:8)
  21 deep elf conjurers
  3 harpies (Vaults:3)
  A hornet (shapeshifter) (Vaults:3)
  6 wizards
  4 stone giant zombies
  38 salamanders
  3 oklob plants
  6 hornets
  3 fire giant zombies
  4 mana vipers
  A wolf spider (shapeshifter) (Vaults:5)
  10 phantasmal warriors
  5 cyclopes
  59 ugly things
  A tengu skeleton (Depths:3)
  5 griffons
  6 manticores
  A draconian (shapeshifter) (Vaults:3)
  A sphinx skeleton (Crypt:1)
  25 black mambas
  13 anubis guards
  An iron dragon skeleton (Crypt:2)
  A water nymph (shapeshifter) (Depths:4)
  2 fire giant skeletons
  A shock serpent zombie (Crypt:3)
  28 naga magi
  7 wolf spiders
  2 fauns (shapeshifter)
  15 elephants
  An octopode (shapeshifter) (Elf:1)
  A dire elephant zombie (Crypt:2)
  3 eyes of devastation
  A frost giant skeleton (Tomb:2)
  6 torpor snails
  10 orc sorcerers
  A sixfirhy (Vaults:5)
  17 vault sentinels
  5 guardian serpents
  A guardian serpent (shapeshifter) (Elf:3)
  10 rust devils
  A molten gargoyle (Hell)
  5 centaur skeletons
  An orange crystal statue (Vaults:2)
  5 spectral swamp worms (Depths:5)
  9 komodo dragons
  2 demonic crawlers
  A spriggan skeleton (Depths:3)
  2 orange demons (Vaults:5)
  3 elf skeletons
  A kobold demonologist (Vaults:3)
  An emperor scorpion zombie (Depths:2)
  18 spiny frogs
  2 smoke demons (Orc:4)
  A death yak zombie (Crypt:1)
  A small abomination (Elf:3)
  A yaktaur (shapeshifter) (Depths:1)
  16 hellwings
  3 jumping spiders
  2 gargoyles
  A tormentor (Tomb:1)
  5 swamp worm zombies (Swamp:5)
  3 fire drakes
  57 yaktaurs
  8 hydra zombies
  14 guardian mummies
  A mottled draconian skeleton (Crypt:1)
  6 red devils
  13 polar bears
  5 tengu conjurers
  20 deep elf priests
  22 freezing wraiths
  A polar bear (shapeshifter) (Depths:5)
  9 blue devils
  6 wind drakes (WizLab)
  4 hydra skeletons
  2 hornet zombies
  15 trolls
  8 giant leeches
  3 baby alligators (Swamp:4)
  2 baby alligators (shapeshifter)
  3 spectral swamp dragons (Swamp:5)
  7 ushabtiu (Tomb:1)
  A raven (shapeshifter) (Vaults:1)
  5 alligator zombies (Swamp:5)
  15 bog bodies
  3 ettin zombies
  18 ravens
  30 blink frogs
  2 harpy skeletons (Crypt:3)
  An ice dragon zombie (Crypt:3)
  28 flying skulls
  2 spriggan zombies (Depths:2)
  5 boulder beetles
  2 stone giant simulacra (Vaults:1)
  7 basilisks
  3 wandering mushrooms (D:8)
  A deep troll zombie (Depths:1)
  121 slime creatures
  26 two-headed ogres
  A fire dragon skeleton (Vaults:5)
  3 tarantellas (Elf:1)
  2 vampires (Crypt:1)
  17 humans (D:14)
  A black mamba zombie (Crypt:3)
  2 ynoxinuls
  2 ettin skeletons
  30 air elementals
  21 wraiths
  A hog (shapeshifter) (Vaults:2)
  2 tarantellas (shapeshifter)
  7 redbacks
  8 spriggans
  8 shadows
  13 water elementals
  51 deep elf fighters
  32 vampire mosquitoes
  5 wyverns
  19 wolves
  A neqoxec (Depths:3)
  9 hippogriffs
  6 fire elementals
  32 deep elf magi
  9 golden eyes
  A human simulacrum (Vaults:1)
  66 nagas
  2 steam dragons
  73 yaks
  5 hungry ghosts
  2 soldier ants
  37 insubstantial wisps
  6 wargs
  A spectral snapping turtle (Swamp:5)
  29 swamp worms
  37 water moccasins
  A torturous demonspawn zombie (Crypt:2)
  A deep troll skeleton (Depths:1)
  An orb spider zombie (Crypt:1)
  A hydra simulacrum (Hell)
  8 raven skeletons (Crypt:3)
  5 mottled dragons
  70 orc warriors
  A baby alligator skeleton (Crypt:1)
  17 ice beasts
  5 sky beasts
  11 swamp drakes
  12 hell hounds
  5 spiders (Crypt:3)
  9 porcupines
  8 phantoms
  5 necrophages
  13 wasps
  2 ettin simulacra
  3 black bears
  2 swamp dragon zombies (Swamp:5)
  13 boggarts
  The ghost of Musteatbrain the Skirmisher, an average DsFi of Yredelemnul (D:3)
  An elephant zombie (Crypt:1)
  24 centaurs
  2 boring beetles (shapeshifter)
  74 ogres
  5 eyes of draining
  3 boring beetles
  13 crocodiles
  A swamp dragon skeleton (Crypt:2)
  A lost soul (Crypt:3)
  A big kobold (D:13)
  A spectral water moccasin (Swamp:5)
  A salamander zombie (Crypt:2)
  A spider zombie (Crypt:2)
  4 brain worms (Lair:8)
  16 giant frogs
  2 wyvern skeletons (D:13)
  A boulder beetle zombie (Vaults:1)
  5 scorpions
  18 wights
  5 electric eels (D:15)
  A polar bear skeleton (Crypt:2)
  22 killer bees
  4 giant frog zombies
  2 oklob saplings (D:8)
  6 centaur zombies
  11 crimson imps
  3 goliath beetles
  39 jellies
  A boring beetle zombie (Crypt:2)
  10 hounds
  6 lava snakes
  A quasit (D:11)
  2 iron imps (Depths:3)
  4 giant frog skeletons
  33 orc priests
  A two-headed ogre skeleton (Crypt:2)
  12 hell rats
  31 orc wizards
  A spectral swamp drake (Swamp:5)
  4 human skeletons (D:14)
  14 iguanas
  5 worker ants
  4 sheep (Vaults:2)
  An ogre zombie (D:15)
  A hound zombie (D:10)
  27 mummies
  A worker ant zombie (D:8)
  19 river rats
  4 gnolls (D:5)
  7 shadow imps
  A swamp drake zombie (Swamp:5)
  25 adders
  A giant mite (D:3)
  A white imp (Vaults:3)
  17 worms
  An adder zombie (D:6)
  An adder skeleton (D:7)
  11 oozes (D:14)
  8 giant geckos
  337 orcs
  2 ball pythons (D:2)
  13 bats
  A bat skeleton (D:5)
  A bat zombie (D:7)
  A giant cockroach (D:1)
  31 goblins
  16 hobgoblins
  19 jackals
  16 quokkas
  A ball python zombie (D:5)
  4 giant newts
  A giant spore (D:13)
  A jackal skeleton (D:6)
  A jackal zombie (D:6)
  23 kobolds
  A kobold zombie (Tomb:1)
  A quokka zombie (D:5)
  16 rats
  A spectral quokka (Swamp:5)
  2 ballistomycetes
  2 crawling corpses (Crypt:3)
  4 fungi
  8 plants
3709 creatures vanquished.

Vanquished Creatures (others)
  Margery (Crypt:3)
  An unborn (Tomb:2)
  A skeletal warrior (Tomb:2)
  4 death scarabs (Tomb:2)
  A salamander (Snake:4)
  A spiny frog (Swamp:5)
  A naga mage (Snake:4)
  A fire vortex (Lair:3)
  2 deep elf magi
  A hippogriff (Lair:8)
  3 insubstantial wisps (Swamp:5)
  A wolf (IceCv)
  A swamp drake (Swamp:5)
  2 boggarts (Depths:1)
  A phantom (Swamp:5)
  10 lost souls
  2 orc wizards (Orc:4)
  A mummy (Tomb:2)
  2 giant spores
  16 fungi
  39 plants
92 creatures vanquished.

Grand Total: 3801 creatures vanquished

Notes
Turn   | Place    | Note
--------------------------------------------------------------
     0 | D:1      | Peloso, the Minotaur Fighter, began the quest for the Orb.
     0 | D:1      | Reached XP level 1. HP: 19/19 MP: 1/1
   155 | D:1      | Reached skill level 4 in Armour
   195 | D:1      | Reached XP level 2. HP: 24/27 MP: 1/1
   710 | D:1      | You fall through a shaft!
   731 | D:2      | You fall through a shaft!
   815 | D:3      | Reached XP level 3. HP: 31/33 MP: 2/2
   864 | D:3      | Found an opulent altar of Gozag.
   869 | D:3      | Reached skill level 1 in Dodging
   947 | D:3      | Reached XP level 4. HP: 23/40 MP: 2/2
  1050 | D:3      | Noticed Musteatbrain's ghost (average DsFi)
  1056 | D:3      | Killed Musteatbrain's ghost
  1056 | D:3      | Reached skill level 1 in Maces & Flails
  1056 | D:3      | Reached skill level 5 in Armour
  1056 | D:3      | Reached skill level 5 in Shields
  1056 | D:3      | Reached XP level 5. HP: 17/47 MP: 2/2
  1730 | D:2      | Found a sacrificial altar of Ru.
  1784 | D:2      | Found a blossoming altar of Fedhas.
  1784 | D:2      | Found a bloodstained altar of Trog.
  2131 | D:4      | Found a stormy altar of Qazlal.
  2138 | D:4      | Reached XP level 6. HP: 53/53 MP: 3/3
  2524 | D:4      | Found a staircase to the Ecumenical Temple.
  2530 | Temple   | Entered the Ecumenical Temple
  2547 | Temple   | Became a worshipper of Warmaster Okawaru
  2705 | D:4      | Found a burning altar of Makhleb.
  2959 | D:5      | Entered Level 5 of the Dungeon
  2959 | D:5      | Found a radiant altar of Vehumet.
  3600 | D:5      | Reached skill level 5 in Fighting
  3988 | D:5      | Reached skill level 6 in Shields
  4092 | D:6      | Found a shattered altar of Ashenzari.
  4181 | D:6      | Found a shattered altar of Ashenzari.
  4207 | D:6      | Reached XP level 7. HP: 11/61 MP: 3/3
  4981 | D:6      | Reached skill level 7 in Shields
  5115 | D:6      | Acquired Okawaru's first power
  5341 | D:6      | Reached XP level 8. HP: 62/70 MP: 3/3
  5497 | D:7      | Reached skill level 8 in Shields
  5770 | D:7      | Reached skill level 5 in Maces & Flails
  5813 | D:7      | Reached skill level 9 in Shields
  5836 | D:7      | Reached XP level 9. HP: 34/78 MP: 2/4
  6316 | D:8      | Reached skill level 10 in Shields
  6527 | D:8      | Noticed Musteatbrain's ghost (experienced DsFi)
  6557 | D:8      | Killed Musteatbrain's ghost
  6557 | D:8      | Reached skill level 1 in Invocations
  6826 | D:8      | Got a warped ring mail
  6837 | D:8      | Identified the +2 ring mail of Zyajud {rC+ MR+ Str-3 Stlth+} (You found it on level 8 of the Dungeon)
  7134 | D:8      | Reached XP level 10. HP: 88/88 MP: 6/6
  7386 | D:8      | Found a blossoming altar of Fedhas.
  7407 | D:8      | Reached skill level 11 in Shields
  7683 | D:9      | Found an ancient bone altar of Kikubaaqudgha.
  8367 | D:9      | Found a deep blue altar of Sif Muna.
  8415 | D:10     | Entered Level 10 of the Dungeon
  8538 | D:10     | Noticed a hill giant
  8554 | D:10     | Killed a hill giant
  8554 | D:10     | Reached skill level 10 in Armour
  8554 | D:10     | Reached skill level 12 in Shields
  8581 | D:10     | Acquired Okawaru's second power
  8603 | D:10     | Reached XP level 11. HP: 57/95 MP: 8/8
  9274 | D:10     | Noticed a centaur warrior
  9280 | D:10     | Killed a centaur warrior
  9371 | D:11     | Found a staircase to the Orcish Mines.
  9546 | D:11     | Received a gift from Okawaru
  9599 | D:11     | Found a sacrificial altar of Ru.
  9874 | D:11     | Received a gift from Okawaru
  9917 | D:11     | Noticed an ogre mage
  9955 | D:11     | Reached skill level 13 in Shields
 10276 | D:11     | Killed an ogre mage
 10390 | D:11     | Found a staircase to the Lair.
 10564 | Orc:1    | Entered Level 1 of the Orcish Mines
 10928 | Orc:1    | You fall through a shaft!
 11235 | Orc:1    | You fall through a shaft!
 11632 | Orc:3    | Received a gift from Okawaru
 11648 | Orc:3    | Got a pair of crude gloves {god gift}
 11659 | Orc:3    | Identified the +2 pair of gloves of Courage {+Fly rElec rF- Str+3 Stlth-} (Okawaru gifted it to you on level 3 of the Orcish Mines)
 11957 | Orc:4    | Entered Level 4 of the Orcish Mines
 11973 | Orc:4    | Reached skill level 10 in Fighting
 12175 | Orc:4    | Reached XP level 12. HP: 64/106 MP: 12/12
 12188 | Orc:4    | Reached skill level 5 in Long Blades
 12996 | Orc:4    | Reached skill level 5 in Dodging
 13508 | Orc:4    | Found a roughly hewn altar of Beogh.
 13576 | Orc:4    | Reached skill level 14 in Shields
 13660 | Orc:4    | Found Psaf's Jewellery Boutique.
 13758 | Orc:4    | Found Zonaomm's Antique Weapon Shop.
 14099 | Orc:4    | Noticed an orc high priest
 14113 | Orc:4    | Killed an orc high priest
 14113 | Orc:4    | Received a gift from Okawaru
 14121 | Orc:4    | Got a warped plate armour {god gift}
 14132 | Orc:4    | Identified the +7 plate armour of Okawaru's Fury {rC- rN+ Regen+ Int+4 Slay-3} (Okawaru gifted it to you on level 4 of the Orcish Mines)
 14163 | Orc:4    | Found a staircase to the Elven Halls.
 14271 | Orc:4    | Noticed an orc high priest
 14312 | Orc:4    | Killed an orc high priest
 14475 | Orc:4    | Noticed an orc warlord
 14496 | Orc:4    | Killed an orc warlord
 14511 | Orc:4    | Found a roughly hewn altar of Beogh.
 14553 | Orc:4    | Noticed an orc high priest
 14603 | Orc:4    | Killed an orc high priest
 14603 | Orc:4    | Reached XP level 13. HP: 94/116 MP: 8/14
 14676 | Orc:4    | Noticed an orc high priest
 14685 | Orc:4    | Killed an orc high priest
 14701 | Orc:4    | Found Gheroiv's Armour Shop.
 14755 | Orc:4    | Noticed an orc high priest
 14838 | Orc:4    | Killed an orc high priest
 14852 | Orc:4    | Noticed an orc high priest
 14865 | Orc:4    | Killed an orc high priest
 14922 | Orc:4    | Found Bulonewu's Antique Armour Boutique.
 14959 | Orc:4    | Noticed an orc high priest
 14974 | Orc:4    | Killed an orc high priest
 15388 | Orc:3    | Found a roughly hewn altar of Beogh.
 15395 | Orc:3    | Reached skill level 15 in Shields
 16036 | D:12     | Reached skill level 10 in Long Blades
 17599 | D:14     | Found an ancient bone altar of Kikubaaqudgha.
 17630 | D:14     | Received a gift from Okawaru
 18003 | D:14     | Reached XP level 14. HP: 127/127 MP: 16/16
 18077 | D:14     | Reached skill level 16 in Shields
 18125 | D:14     | Found a gate to the Vaults.
 18153 | D:14     | Received a gift from Okawaru
 18347 | D:14     | Reached skill level 5 in Invocations
 18896 | D:15     | Entered Level 15 of the Dungeon
 18903 | D:15     | Received a gift from Okawaru
 20239 | D:15     | Found a staircase to the Depths.
 20335 | D:15     | Received a gift from Okawaru
 20539 | Lair:1   | Entered Level 1 of the Lair of Beasts
 20549 | Lair:1   | Reached skill level 17 in Shields
 20594 | Lair:1   | Found a frozen archway.
 20610 | Lair:1   | Reached XP level 15. HP: 136/136 MP: 19/19
 20661 | IceCv    | Entered an ice cave
 21247 | IceCv    | Reached skill level 1 in Stealth
 21924 | Lair:1   | Received a gift from Okawaru
 22465 | Lair:2   | Gained mutation: You are covered in fur (AC +1). [potion of beneficial mutation]
 22925 | Lair:2   | Identified Sif Muna's Guide on Augmentations
 23270 | Lair:3   | Found a staircase to the Snake Pit.
 23409 | Lair:3   | Found a blossoming altar of Fedhas.
 24058 | Lair:4   | Noticed Erica
 24076 | Lair:4   | Received a gift from Okawaru
 24081 | Lair:4   | Killed Erica
 24107 | Lair:4   | Got a scorched crystal plate armour {god gift}
 24118 | Lair:4   | Identified the +9 crystal plate armour of Okawaru's Envy {rC- MP-9 Int+8 Dex+3 Stlth+} (Okawaru gifted it to you on level 4 of the Lair of Beasts)
 24175 | Lair:4   | Noticed Rupert
 24190 | Lair:4   | Killed Rupert
 24190 | Lair:4   | Reached skill level 18 in Shields
 24521 | Lair:4   | Found a staircase to the Swamp.
 25230 | Lair:5   | Got a pitted brass amulet
 25231 | Lair:5   | Identified the amulet of the Scavenger {Spirit rN+} (You found it on level 5 of the Lair of Beasts)
 25339 | Lair:5   | Reached skill level 15 in Long Blades
 25630 | Lair:5   | Noticed Fannar
 25641 | Lair:5   | Killed Fannar
 26823 | Lair:7   | Reached XP level 16. HP: 147/147 MP: 12/21
 27087 | Lair:7   | Identified a scroll of acquirement
 27458 | Lair:7   | Received a gift from Okawaru
 27533 | Lair:8   | Entered Level 8 of the Lair of Beasts
 27693 | Lair:8   | Found a staircase to the Slime Pits.
 27694 | Lair:8   | Found a viscous altar of Jiyva.
 28022 | Lair:8   | Got a pitted hat
 28036 | Lair:8   | Identified the +1 hat of Darkness {-Cast -Tele Regen+ Str+5 Dex+4} (You found it on level 8 of the Lair of Beasts)
 28047 | Lair:8   | Reached skill level 15 in Fighting
 28482 | Lair:8   | Found a runed door.
 29479 | Elf:1    | Entered Level 1 of the Elven Halls
 29762 | Elf:1    | Reached skill level 19 in Shields
 29947 | Elf:1    | Received a gift from Okawaru
 29979 | Elf:1    | Identified the Guide on the Escort (You found it on level 1 of the Elven Halls)
 30163 | Elf:1    | Found a portal to a secret trove of treasure.
 30688 | Elf:2    | Found a magical portal.
 30693 | WizLab   | Entered The Chambers of Kirisch the Cloud Mage
 31115 | WizLab   | Noticed Kirisch
 31127 | WizLab   | Killed Kirisch the Cloud Mage
 31127 | WizLab   | Reached XP level 17. HP: 149/158 MP: 11/22
 31168 | WizLab   | Identified the Incunabulum of the Excruciating Birds (You found it in a wizard's laboratory)
 31178 | WizLab   | Identified the Collected Works on the Harmful Birds
 31883 | Snake:1  | Entered Level 1 of the Snake Pit
 31943 | Snake:1  | Noticed Roxanne
 31962 | Snake:1  | Killed Roxanne
 32127 | Snake:1  | Noticed Josephine
 32130 | Snake:1  | Received a gift from Okawaru
 32139 | Snake:1  | Killed Josephine
 32301 | Snake:1  | Found an iron altar of Okawaru.
 32619 | Snake:1  | Noticed Azrael
 32633 | Snake:1  | Killed Azrael
 32704 | Snake:1  | Noticed Maud
 32716 | Snake:1  | Killed Maud
 33872 | Snake:2  | Got a pitted shield
 33883 | Snake:2  | Identified the +1 shield of a sewer {rF- rC+ MP+9} (You found it on level 2 of the Snake Pit)
 34098 | Snake:2  | Received a gift from Okawaru
 34462 | Snake:3  | Got a pair of distressingly furry boots
 34473 | Snake:3  | Identified the +0 pair of boots "Pli Cayge" {MR+} (You acquired it on level 3 of the Snake Pit)
 34649 | Snake:3  | Found Cheasmoga's Assorted Antiques.
 34656 | Snake:3  | Bought a scintillating marble ring for 190 gold pieces
 34657 | Snake:3  | Identified the ring "Frun" {rF- rC+ MR- Int+4 Dex+3 Stlth+} (You bought it in a shop on level 3 of the Snake Pit)
 34922 | Snake:3  | Found Ottowo Shopn's Food Emporium.
 34945 | Snake:3  | Reached skill level 20 in Shields
 35320 | Snake:4  | Noticed Saint Roka
 35538 | Snake:4  | Killed Saint Roka
 35578 | Snake:4  | Gained mutation: Your spells are a little harder to cast, but a little more powerful. [potion of beneficial mutation]
 36006 | Snake:4  | Received a gift from Okawaru
 36026 | Snake:4  | Noticed Wiglaf
 36033 | Snake:4  | Killed Wiglaf
 36102 | Snake:4  | Reached XP level 18. HP: 168/168 MP: 14/23
 36136 | Snake:4  | Found Udeceph's Assorted Antiques.
 36156 | Snake:4  | Reached skill level 15 in Armour
 36935 | Snake:5  | Entered Level 5 of the Snake Pit
 37646 | Snake:5  | Reached skill level 21 in Shields
 37649 | Snake:5  | Received a gift from Okawaru
 38426 | Snake:5  | Got a serpentine rune of Zot
 39051 | Orc:4    | Bought the ring "Frifiots" {+Blink rC+ Int+2 Dex-2 SInv} for 612 gold pieces
 39380 | Elf:2    | Received a gift from Okawaru
 39386 | Elf:2    | Got a scorched flail {god gift}
 39387 | Elf:2    | Identified the +10 flail of Jahibe {venom, Int+4} (Okawaru gifted it to you on level 2 of the Elven Halls)
 39581 | Elf:2    | Found a runed door.
 39604 | Elf:2    | Found a runed door.
 39729 | Elf:2    | Noticed a deep elf blademaster
 39742 | Elf:2    | Killed a deep elf blademaster
 39742 | Elf:2    | Reached XP level 19. HP: 173/178 MP: 7/24
 39801 | Elf:2    | Noticed Agnes
 39815 | Elf:2    | Killed Agnes
 40434 | Elf:3    | Entered Level 3 of the Elven Halls
 40788 | Elf:3    | Received a gift from Okawaru
 40912 | Elf:3    | Reached skill level 22 in Shields
 41336 | Elf:3    | HP: 8/180 [Hell Sentinel/blast of hellfire[a deep elf demonologist] (32)]
 41818 | Elf:3    | Identified the Reference Book on Bewitchment
 41835 | Elf:3    | Identified the Compendium of Arcane Weapons and Heat
 42052 | Elf:3    | Got a translucent great sword
 42064 | Elf:3    | Got a warped chain mail
 42101 | Elf:3    | Got a transparent scimitar
 42103 | Elf:3    | Identified the +9 scimitar of Subjectivity {elec, -Tele rElec Str+6} (You found it on level 3 of the Elven Halls)
 42106 | Elf:3    | Got a polished mace
 42107 | Elf:3    | Identified the +6 mace of Propriety {flame, rElec rPois rN+ MR- Dex+5} (You took it off a deep elf sorcerer on level 3 of the Elven Halls)
 42216 | Elf:3    | Identified the +8 great sword of Noon {slice, rF+ rC- rN++ Str+4} (You found it on level 3 of the Elven Halls)
 43291 | Orc:4    | Received a gift from Okawaru
 43303 | Orc:4    | Got a faintly humming robe {god gift}
 43317 | Orc:4    | Identified the +2 robe of the Planets {-Cast rCorr Str+4} (Okawaru gifted it to you on level 4 of the Orcish Mines)
 43327 | Orc:4    | Identified the +4 chain mail "Miph" {rF- rN+ Int+6} (You found it on level 3 of the Elven Halls)
 43684 | Swamp:1  | Entered Level 1 of the Swamp
 43840 | Swamp:1  | Reached XP level 20. HP: 189/189 MP: 17/26
 46427 | Swamp:4  | Reached skill level 1 in Throwing
 46427 | Swamp:4  | Reached skill level 1 in Unarmed Combat
 46427 | Swamp:4  | Reached skill level 1 in Evocations
 46427 | Swamp:4  | Reached XP level 21. HP: 198/198 MP: 18/27
 46948 | Swamp:5  | Entered Level 5 of the Swamp
 47035 | Swamp:5  | Got an encrusted shortbow
 47268 | Swamp:5  | Noticed Jorgrun
 47294 | Swamp:5  | Killed Jorgrun
 47473 | Swamp:5  | Noticed Norris
 47487 | Swamp:5  | Killed Norris
 48054 | Swamp:5  | Got a decaying rune of Zot
 48697 | Lair:1   | Identified the cursed -2 shortbow of Integrity {freeze, SInv} (You found it on level 5 of the Swamp)
 49612 | Depths:1 | Entered Level 1 of the Depths
 49862 | Depths:1 | Received a gift from Okawaru
 50214 | Depths:1 | Received a gift from Okawaru
 50246 | Depths:1 | Got a crystal falchion {god gift}
 50256 | Depths:1 | Identified the +5 falchion of Guweech {elec, Str+6} (Okawaru gifted it to you on level 1 of the Depths)
 50564 | Depths:1 | Reached XP level 22. HP: 204/204 MP: 19/28
 50705 | Depths:1 | Found a gateway to Hell.
 50957 | Depths:2 | Reached skill level 23 in Shields
 51079 | Depths:2 | Found a one-way gate leading to the halls of Pandemonium.
 51143 | Depths:2 | Noticed a caustic shrike
 51160 | Depths:2 | Killed a caustic shrike
 51204 | Depths:2 | Received a gift from Okawaru
 51281 | Depths:2 | Got a translucent great sword {god gift}
 51322 | Depths:2 | Identified the +7 great sword of Mutilation {antimagic, rF+} (Okawaru gifted it to you on level 2 of the Depths)
 51642 | Depths:2 | Got an iridescent rapier
 51669 | Depths:2 | Identified the cursed +2 rapier of Gravity {flame, Int+3} (You found it on level 2 of the Depths)
 52728 | Depths:3 | Received a gift from Okawaru
 52757 | Depths:3 | Got a fine morningstar {god gift}
 52780 | Depths:3 | Noticed Xtahua
 52790 | Depths:3 | Killed Xtahua
 53021 | Depths:3 | Found a runed door.
 53674 | Depths:4 | Received a gift from Okawaru
 54114 | Depths:4 | Reached XP level 23. HP: 183/213 MP: 18/29
 54153 | Depths:4 | Reached skill level 24 in Long Blades
 54196 | Depths:4 | Received a gift from Okawaru
 54388 | Depths:4 | Found a gateway to a ziggurat.
 54397 | Depths:4 | Got a shimmering leather armour
 54398 | Depths:4 | Identified the +5 leather armour of Baldness {rPois MR+ MP-9 Int+4} (You found it on level 4 of the Depths)
 55030 | Depths:4 | Found a corrupted altar of Lugonu.
 55030 | Depths:4 | Found a one-way gate to the infinite horrors of the Abyss.
 55069 | Depths:5 | Entered Level 5 of the Depths
 55508 | Depths:5 | Found a gate to the Realm of Zot.
 55650 | Depths:5 | Reached skill level 10 in Invocations
 56136 | Depths:5 | Reached skill level 25 in Long Blades
 56371 | Depths:5 | Received a gift from Okawaru
 57719 | Vaults:1 | Entered Level 1 of the Vaults
 58139 | Vaults:1 | Found Klecw's Food Emporium.
 59323 | Vaults:2 | Reached XP level 24. HP: 226/226 MP: 22/31
 60096 | Vaults:2 | Received a gift from Okawaru
 60488 | Vaults:2 | Found Giaduu's Jewellery Boutique.
 61063 | Vaults:3 | Reached skill level 26 in Long Blades
 61197 | Vaults:3 | You fall through a shaft!
 61962 | Vaults:3 | Found a staircase to the Crypt.
 61989 | Vaults:3 | Received a gift from Okawaru
 62803 | Vaults:4 | Gained mutation: You evolve. [potion of beneficial mutation]
 63086 | Vaults:4 | Received a gift from Okawaru
 63256 | Vaults:5 | Entered Level 5 of the Vaults
 63420 | Vaults:4 | Reached XP level 25. HP: 233/235 MP: 17/31
 63761 | Vaults:5 | Got a transparent chain mail
 63762 | Vaults:5 | Identified the +3 chain mail "Veokhleh" {Contam Str+7} (You found it on level 5 of the Vaults)
 63794 | Vaults:5 | Noticed an ancient lich
 63856 | Vaults:5 | Killed an ancient lich
 63856 | Vaults:5 | Reached skill level 27 in Long Blades
 63873 | Vaults:5 | Received a gift from Okawaru
 64499 | Vaults:5 | Gained mutation: You possess an exceptional clarity of mind. [evolution]
 64572 | Vaults:5 | Got a silver rune of Zot
 64633 | Vaults:5 | Received a gift from Okawaru
 64654 | Vaults:5 | Got a twisted long sword {god gift}
 64655 | Vaults:5 | Identified the +6 long sword of Blybosho {antimagic, Dex+7 SInv} (Okawaru gifted it to you on level 5 of the Vaults)
 64838 | Vaults:5 | Noticed Mennas
 64912 | Vaults:5 | Killed Mennas
 64916 | Vaults:5 | Got a shimmering large shield
 64927 | Vaults:5 | Identified the +7 large shield "Clehuq" {MR+ Int+4 Dex-3 Slay-5} (You took it off Mennas on level 5 of the Vaults)
 64969 | Vaults:5 | Noticed an ancient lich
 64988 | Vaults:5 | Killed an ancient lich
 64998 | Vaults:5 | Noticed an ancient lich
 65024 | Vaults:5 | Killed an ancient lich
 65290 | Vaults:5 | Received a gift from Okawaru
 65336 | Vaults:5 | Reached XP level 26. HP: 215/249 MP: 20/32
 65407 | Vaults:5 | Reached skill level 27 in Shields
 67281 | Orc:4    | Bought a +2 pair of gloves for 214 gold pieces
 68617 | Crypt:1  | Entered Level 1 of the Crypt
 69286 | Crypt:1  | Received a gift from Okawaru
 69360 | Crypt:1  | Got a crude scale mail
 69539 | Crypt:1  | Got a twisted flail
 69544 | Crypt:1  | Identified the cursed +1 flail "Tykkom" {crush, rElec rN+ Stlth+} (You found it on level 1 of the Crypt)
 69684 | Crypt:1  | Gained mutation: You are partially covered in rugged brown scales (AC +1, +3% HP). [potion of beneficial mutation]
 70231 | Hell     | Entered the Vestibule of Hell
 70231 | Hell     | Noticed Geryon
 70587 | Hell     | Killed Geryon
 70668 | Hell     | Found a gateway to the freezing wastes of Cocytus.
 71271 | Hell     | Found a gateway to the Iron City of Dis.
 71961 | Lair:1   | Identified the +6 scale mail of Utuarch {+Inv rC+ Str-3} (You found it on level 1 of the Crypt)
 73154 | Hell     | Found a gateway to the decaying netherworld of Tartarus.
 74079 | Swamp:2  | Gained mutation: Your spells are harder to cast, but more powerful. [evolution]
 74079 | Swamp:2  | Lost mutation: You evolve. [end of evolution]
 74976 | Snake:2  | You fall through a shaft!
 75000 | Snake:4  | Bought a scroll labeled GIAGIA DEPRE for 30 gold pieces
 75676 | Slime:1  | Entered Level 1 of the Pits of Slime
 77098 | Elf:3    | Got a transparent ring mail
 77112 | Elf:3    | Identified the +1 ring mail "Thigeal" {Str+4} (You took it off a deep elf high priest on level 3 of the Elven Halls)
 78004 | Slime:1  | Reached XP level 27. HP: 224/274 MP: 26/33
 79220 | Slime:4  | Found a viscous altar of Jiyva.
 80113 | Slime:6  | Entered Level 6 of the Pits of Slime
 80147 | Slime:6  | Reached skill level 27 in Fighting
 80656 | Slime:6  | Gained mutation: You are weak. (Str -2) [a shining eye]
 80721 | Slime:5  | Received a gift from Okawaru
 80721 | Slime:5  | Gained mutation: Your body is slowly deteriorating. [a shining eye]
 80727 | Slime:5  | Reached skill level 10 in Dodging
 80732 | Slime:5  | Gained mutation: Your magical capacity is low (-10% MP). [a shining eye]
 80736 | Slime:5  | Lost mutation: You are weak. (Str -2) [a shining eye]
 81306 | Slime:6  | Found a viscous altar of Jiyva.
 81307 | Slime:6  | Noticed the royal jelly
 81318 | Slime:6  | Killed the royal jelly
 81589 | Slime:6  | Got a slimy rune of Zot
 81601 | Slime:6  | Identified the Handbook of Unstable Boosts
 81639 | Slime:6  | Got a fine morningstar
 81716 | Slime:6  | Identified the cursed +2 morningstar of Honour {freeze, MP+9 Dex+4 Stlth-} (You found it on level 6 of the Pits of Slime)
 81752 | Slime:6  | Got a warped hand axe
 81782 | Slime:6  | Identified the Papyrus of Combat Magic
 81814 | Slime:6  | Identified the +4 hand axe of the Shark {chop, +Rage rF+ MP+9 Int-3 Dex-3} (You found it on level 6 of the Pits of Slime)
 83513 | Crypt:2  | Got a flickering pewter amulet
 83514 | Crypt:2  | Identified the amulet of Gryoj {rMut +Fly rC+ Dex+3} (You found it on level 2 of the Crypt)
 83919 | Crypt:3  | Entered Level 3 of the Crypt
 84612 | Crypt:3  | Got a pitted pewter ring
 84613 | Crypt:3  | Identified the ring "Inauppy" {+Inv MP-9 EV+1 Str-3 Dex+6} (You found it on level 3 of the Crypt)
 84995 | Crypt:3  | Noticed an ancient lich
 85006 | Crypt:3  | Killed an ancient lich
 85006 | Crypt:3  | Received a gift from Okawaru
 85050 | Crypt:3  | Got an ichor-stained plate armour {god gift}
 85052 | Crypt:3  | Got an iridescent dagger
 85095 | Crypt:3  | Identified the +8 plate armour of Distant Shores {Slay+6 Stlth+} (Okawaru gifted it to you on level 3 of the Crypt)
 85105 | Crypt:3  | Identified the +3 dagger of Dissent {elec, rC- rN++ SInv} (You found it on level 3 of the Crypt)
 85262 | Crypt:3  | Found an ancient bone altar of Kikubaaqudgha.
 85465 | Crypt:3  | Noticed Margery
 85485 | Crypt:3  | Killed Margery
 85904 | Crypt:3  | Found a staircase to the Tomb.
 86417 | Tomb:1   | Entered Level 1 of the Tomb of the Ancients
 86513 | Tomb:1   | Got a pair of ichor-stained gloves
 86546 | Tomb:1   | Identified the +1 pair of gloves of the End {rPois} (You found it on level 1 of the Tomb of the Ancients)
 87269 | Tomb:1   | Noticed an ancient lich
 87282 | Tomb:1   | HP: 10/276 [???[an ancient lich] (8)]
 87283 | Tomb:1   | HP: 1/276 [ancient lich (10)]
 87288 | Tomb:1   | Killed an ancient lich
 87288 | Tomb:1   | Received a gift from Okawaru
 87297 | Tomb:1   | HP: 8/276 [torment (5)]
 92237 | Tomb:1   | Reached skill level 15 in Invocations
 92250 | Tomb:1   | HP: 12/275 [greater mummy (13)]
 92255 | Tomb:1   | Mangled by a reaper

Action                   |  1- 3 |  4- 6 |  7- 9 | 10-12 | 13-15 | 16-18 | 19-21 | 22-24 | 25-27 || total
-------------------------+-------+-------+-------+-------+-------+-------+-------+-------+-------++-------
Melee: Whip              |    55 |   191 |   347 |   445 |       |       |       |       |       ||  1038
       Long sword        |     6 |       |       |       |   315 |    13 |       |       |       ||   334
       Double sword      |       |       |       |   700 |  1614 |  1631 |   396 |       |    42 ||  4383
       Great sword       |       |       |       |       |       |       |   134 |    40 |       ||   174
       Katana            |       |       |       |       |       |       |   836 |  2070 |  3153 ||  6059
       Unarmed           |       |       |       |       |       |       |     6 |       |       ||     6
Invok: Heroism           |       |       |     3 |    13 |    21 |    12 |    14 |    21 |    29 ||   113
       Finesse           |       |       |       |     4 |     7 |     7 |     9 |    15 |    13 ||    55
 Abil: Evoke Flight      |       |       |       |       |       |     1 |       |     2 |     2 ||     5
Evoke: Wand              |       |       |       |       |       |       |       |       |    12 ||    12
  Use: Potion            |       |     1 |     3 |     1 |     6 |     3 |     9 |     2 |    11 ||    36
       Scroll            |       |    13 |     4 |     5 |    15 |    15 |    11 |     7 |    24 ||    94
 Stab: Fleeing           |       |       |       |       |     2 |       |       |       |       ||     2
       Sleeping          |       |       |       |       |       |       |       |       |     2 ||     2
  Eat: Chunk             |       |     9 |    10 |    25 |    36 |    37 |    24 |    36 |    35 ||   212
       Fruit             |       |     1 |       |     1 |       |       |       |       |    70 ||    72
       Beef jerky        |       |       |       |     1 |     3 |     5 |     2 |       |     1 ||    12
       Royal jelly       |       |       |       |       |     2 |       |     1 |     1 |       ||     4
       Pizza             |       |       |       |       |       |       |     5 |     6 |     1 ||    12
